 Dungeon Crawl Stone Soup version 0.29-a0-330-g52719c12eb (webtiles) character file.

Game seed: 11736358841725916480

763 Crownlay the Magician (level 7, -3/45 HPs)
             Began as an Octopode Earth Elementalist on May 8, 2022.
             Slain by a killer bee (7 damage)
             ... on level 5 of the Dungeon.
             The game lasted 00:09:03 (5248 turns).

Crownlay the Magician (Octopode Earth Elementalist) Turns: 5248, Time: 00:09:04

Health: -3/45      AC:  1    Str:  8    XL:     7   Next: 81%
Magic:  7/15       EV: 17    Int: 19    God:
Gold:   210        SH:  0    Dex: 12    Spells: 9/17 levels left

rFire   . . .      SeeInvis .   c - +1 dagger (freeze)
rCold   . . .      Faith    .   (no shield)
rNeg    . . .      Spirit   .   (helmet restricted)
rPois   .          Reflect  .   (no amulet)
rElec   .          Harm     .   h - +4 ring of evasion
rCorr   .          Rampage  .   (no ring)
Will    .....                   (no ring)
Stlth   +++.......              (no ring)
HPRegen 0.15/turn               (no ring)
MPRegen 0.14/turn               (no ring)
                                (no ring)
                                (no ring)

@: lethally poisoned (-3 -> -10), invisible
A: almost no armour, amphibious, 8 rings, camouflage 1, gelatinous body 1,
(nimble swimmer 1), tentacles
a: no special abilities


You were on level 5 of the Dungeon.
You visited 1 branch of the dungeon, and saw 5 of its levels.

You collected 234 gold pieces.
You spent 24 gold pieces at shops.

Inventory:

Hand Weapons
 c - a +1 dagger of freezing (weapon)
Missiles
 a - 29 stones
 o - 2 throwing nets
Jewellery
 h - a +4 ring of evasion (left tentacle)
Scrolls
 e - 4 scrolls of teleportation
 g - 2 scrolls of brand weapon
 k - a scroll of magic mapping {unknown}
 l - a scroll of noise {unknown}
 p - a scroll of blinking {unknown}
Potions
 b - a potion of magic
 d - 2 potions of brilliance
 f - 2 potions of attraction {unknown}
 i - 3 potions of invisibility
 j - a potion of heal wounds {unknown}
 m - 2 potions of berserk rage {unknown}
 n - 3 potions of curing {unknown}


   Skills:
 + Level 2.8 Fighting
 - Level 2.0 Dodging
 - Level 2.6 Stealth
 * Level 5.6 Spellcasting
 + Level 3.2 Transmutations
 + Level 5.0 Earth Magic


You had 9 spell levels left.
You knew the following spells:

 Your Spells              Type           Power      Damage    Failure   Level
a - Sandblast             Erth           48%        2d12      1%          1
b - Stone Arrow           Conj/Erth      28%        3d8       12%         3
c - Petrify               Tmut/Erth      21%        N/A       22%         4

Your spell library contained the following spells:

 Spells                   Type           Power      Damage    Failure   Level
 Passwall                 Tmut/Erth      17%        N/A       3%          2
 Ensorcelled Hibernation  Hex/Ice        10%        N/A       19%         2
 Ignite Poison            Fire/Tmut/Pois 9%         N/A       22%         3
 Mephitic Cloud           Conj/Pois/Air  5%         N/A       34%         3
 Swiftness                Air            5%         N/A       34%         3
 Freezing Cloud           Conj/Ice/Air   2%         6-21      97%         5


Dungeon Overview and Level Annotations

Branches:
Dungeon (5/15)
 Temple: D:4-7

Altars:

Shops:
D:1 (   D:3 ?(::

Annotations:
D:5 Grinder


Innate Abilities, Weirdness & Mutations

You cannot wear most types of armour.
You are amphibious.
You can wear up to eight rings at the same time.
Your skin changes colour to match your surroundings (Stealth+).
Your rubbery body absorbs attacks. (AC +1, EV +1)
((You are camouflaged when in or above water. (Stealth+)))
You have tentacles for arms and can constrict up to eight enemies at once.


Message History

The killer bee buzzes angrily.
You hear an angry buzzing noise.
A killer bee comes into view.
The killer bee buzzes angrily.
You hear an angry buzzing noise.
The blast of sand misses the killer bee.
The blast of sand hits the killer bee!
The killer bee is almost dead.
The killer bee misses you. The killer bee completely misses you.
The blast of sand hits the killer bee.
You kill the killer bee!
Your Earth Magic skill increases to level 5!
The blast of sand hits the adder.
The adder is heavily wounded.
The blast of sand misses the adder.
The blast of sand hits the adder.
The adder is severely wounded.
The adder barely misses you. The adder closely misses you.
The blast of sand misses the adder.
The blast of sand hits the killer bee but does no damage.
The killer bee closely misses you. The adder bites you.
The killer bee completely misses you.
The blast of sand hits the adder!
You kill the adder!
The killer bee closely misses you. The killer bee stings you!
You are poisoned.
The killer bee poisons you! The killer bee completely misses you.
The blast of sand hits the killer bee.
The killer bee is moderately wounded.
You feel sick. The killer bee closely misses you. The killer bee stings you!
The killer bee stings you.
You are more poisoned.
The killer bee poisons you! The killer bee stings you!
* * * LOW HITPOINT WARNING * * *
Okay, then.
It was a potion of invisibility.
You fade into invisibility!
* * * LOW HITPOINT WARNING * * *
You feel sick. The killer bee stings you.
* * * LOW HITPOINT WARNING * * *
The killer bee completely misses you. The killer bee stings you!
You die...

...#.........y.####
..........#........
..........+.....S..
####......#........
..........#........ .# #
#.##.......#...S.5[. . .# ..#.
..#.......#........ .
.#....#.##.#)###y###.# ..
.#.........#.###@###.##########..
.#....#..........y...............
.#....#.......................†..
.#...............................
.................................
.................................
.................................
...#.............................
...#.............................


You could see 2 killer bees.

Vanquished Creatures
  Menkaure (D:4)
  Edmund (D:4)
  A scorpion (D:5)
  2 killer bees (D:5)
  3 hounds
  A jelly (D:5)
  2 iguanas
  2 orc wizards (D:4)
  7 adders
  An ufetubus (D:5)
  3 worms
  A dart slug (D:1)
  7 orcs
  5 ball pythons
  5 bats
  8 endoplasms
  2 giant cockroaches
  5 goblins
  8 hobgoblins
  8 jackals (D:3)
  12 kobolds
  3 quokkas
  13 frilled lizards
  4 rats
105 creatures vanquished.

Notes
Turn   | Place    | Note
-------+----------+-------------------------------------------
     0 | D:1      | Crownlay the Octopode Earth Elementalist began the quest
                  | for the Orb.
     0 | D:1      | Reached XP level 1. HP: 11/11 MP: 3/3
   266 | D:1      | Reached XP level 2. HP: 9/17 MP: 5/5
   798 | D:1      | Reached XP level 3. HP: 21/21 MP: 7/7
   856 | D:1      | Found Foucw's Weapon Emporium.
  1768 | D:2      | Reached XP level 4. HP: 25/27 MP: 9/9
  1796 | D:2      | Learned a level 3 spell: Stone Arrow
  2191 | D:3      | Found Hexueqarph's Magic Scroll Shop.
  2199 | D:3      | Bought a scroll of identify for 24 gold pieces
  2258 | D:3      | Found Upafatia's Book Shop.
  2429 | D:3      | Found Buduivug's Antique Weapon Shop.
  2499 | D:3      | Found Gaelinoh's Book Shop.
  2795 | D:3      | Reached XP level 5. HP: 31/31 MP: 10/10
  3578 | D:4      | Noticed Edmund
  3749 | D:4      | Noticed Menkaure
  3760 | D:4      | Killed Menkaure
  3761 | D:4      | Reached skill level 1 in Fighting
  3761 | D:4      | Reached XP level 6. HP: 11/38 MP: 6/12
  4334 | D:4      | Learned a level 4 spell: Petrify
  4796 | D:4      | Killed Edmund
  4797 | D:4      | Reached skill level 5 in Spellcasting
  4797 | D:4      | Reached XP level 7. HP: 45/45 MP: 6/14
  4934 | D:5      | Entered Level 5 of the Dungeon
  5133 | D:5      | Noticed Grinder
  5239 | D:5      | Reached skill level 5 in Earth Magic
  5248 | D:5      | Slain by a killer bee

Illustrated notes

Levels and vault maps discovered:
D:1:      mrwooster_arrival_statue_2, layout_loops_cross, serial_shops,
          shop_statue, minmay_lizard_pond
D:2:      layout_rooms
D:3:      layout_basic, serial_shops, shop_statue, shop, nicolae_square_shop,
          nicolae_shop_temple_entry_statues_fountains,
          hangedman_abyss_or_decor_stabs
D:4:      layout_layer_cave, uniq_menkaure, uniq_edmund
D:5:      layout_basic, hex_medium, uniq_grinder

Skill      XL: |  1  2  3  4  5  6  7 |
---------------+----------------------+-----
Spellcasting   | 3 4 5 |  5.6
Earth Magic    | 4 5 |  5.0
Fighting       | 1 2 |  2.8
Transmutations | 2 3 |  3.2
Dodging        | |  2.0
Stealth        | |  2.6

Action                   |  1- 3 |  4- 6 |  7- 9 || total
-------------------------+-------+-------+-------++-------
Melee: Dagger            |    61 |    14 |    10 ||    85
       Constrict         |    16 |     1 |     2 ||    19
       Unarmed           |     3 |       |       ||     3
       Tentacles         |    11 |     4 |     5 ||    20
 Cast: Sandblast         |    11 |    87 |    11 ||   109
       Stone Arrow       |       |     1 |     6 ||     7
       Petrify           |       |     2 |     1 ||     3
  Use: Scroll            |       |     3 |       ||     3
       Potion            |       |       |     1 ||     1
 Stab: Sleeping          |     7 |     1 |       ||     8
       Petrified         |       |     8 |     4 ||    12
       Petrifying        |       |     1 |       ||     1
Armor: Skin              |     4 |     1 |     1 ||     6
Dodge: Dodged            |    29 |    45 |    16 ||    90

Table legend: (Time is in decaauts)
 A = Elapsed time spent in this place.
 B = Non-inter-level travel time spent in this place.
 C = Inter-level travel time spent in this place.
 D = Time resting spent in this place.
 E = Time spent auto-exploring this place.
 F = Levels seen in this place.
 G = Mean time per level.
                   A        B        C        D        E       F      G
               +--------+--------+--------+--------+--------+-----+--------+
         Total |   5247 |   5028 |    219 |     62 |   4287 |   5 | 1049.4 |
       Dungeon |   5247 |   5028 |    219 |     62 |   4287 |   5 | 1049.4 |
               +--------+--------+--------+--------+--------+-----+--------+

Top non-repeatable levels by time:
     D:4: 1394 daAuts
     D:1: 1372 daAuts
     D:3: 1352 daAuts
     D:2: 814 daAuts
     D:5: 313 daAuts
